 Dungeon Crawl Stone Soup version 0.29.1-4-g47bece8355 (webtiles) character file.

Game seed: 8675525012430956536

2926 weilandje the Cleaver (level 9, -4/118 HPs)
             Began as a Minotaur Berserker on Dec 5, 2022.
             Was an Elder of Trog.
             Succumbed to an orc warrior's poison
             ... on level 8 of the Dungeon.
             The game lasted 00:25:09 (7430 turns).

weilandje the Cleaver (Minotaur Berserker)          Turns: 7430, Time: 00:25:09

Health: -4/118     AC: 16    Str: 33    XL:     9   Next: 50%
Magic:  8/8        EV:  9    Int:  4    God:    Trog [****..]
Gold:   280        SH:  0    Dex:  9    Spells: 8/8 levels left

rFire   . . .      SeeInvis .   W - +7 great mace of Vaunucad {holy, Will+ Stlth+}
rCold   . . .      Faith    .   (shield currently unavailable)
rNeg    . . .      Spirit   .   N - +0 plate armour
rPois   .          Reflect  .   (helmet restricted)
rElec   .          Harm     .   (no cloak)
rCorr   .          Rampage  .   G - +0 pair of gloves
Will    +....                   R - +0 pair of boots
Stlth   ..........              (no amulet)
HPRegen 0.29/turn               m - +6 ring of strength
MPRegen 0.11/turn               (no ring)

@: berserking (expiring), lethally poisoned (-4 -> -32), very quick
A: horns 2, retaliatory headbutt
a: Renounce Religion, Berserk, Trog's Hand, Brothers in Arms


You were on level 8 of the Dungeon.
You worshipped Trog.
Trog was greatly pleased with you.
You visited 2 branches of the dungeon, and saw 9 of its levels.

You collected 280 gold pieces.

Inventory:

Hand Weapons
 a - a +0 hand axe
 I - the +12 quarterstaff of Baelonusi {spect, rC+}
   (You found it on level 4 of the Dungeon)

   When its wielder attacks, the weapon's spirit leaps out and strikes again.
   The spirit shares a part of any damage it takes with its wielder.
   rC:        It protects you from cold.
 T - a +1 halberd of protection
 U - a +6 battleaxe
 V - a +2 trident
 W - the +7 great mace of Vaunucad (weapon) {holy, Will+ Stlth+}
   (You took it off an orc on level 8 of the Dungeon)

   It has been blessed by the Shining One to cause great damage to the undead
   and demons.
   Will:      It increases your willpower.
   Stlth:     It makes you more stealthy.
Missiles
 d - 57 stones (quivered)
 o - 8 poisoned darts
 y - 12 boomerangs
 J - 6 datura-tipped darts
 X - 4 silver boomerangs
Armour
 b - a +0 animal skin
 f - a +0 buckler
 l - a +0 leather armour
 q - a +0 scale mail
 r - a +0 scale mail
 u - a +0 chain mail
 v - a +0 ring mail
 E - a +0 robe
 G - a +0 pair of gloves (worn)
 K - the +2 robe of Vehumet's Envy {Int+5}
   (You found it on level 5 of the Dungeon)

   Int:       It affects your intelligence (+5).
 N - a +0 plate armour (worn)
 Q - a +0 kite shield
 R - a +0 pair of boots (worn)
 Y - a +0 plate armour
Magical Staves
 M - a staff of poison
Jewellery
 m - a +6 ring of strength (left hand)
Wands
 F - a wand of flame (8)
 L - a wand of mindburst (14)
Scrolls
 e - 3 scrolls of teleportation {unknown}
 g - 2 scrolls of amnesia {unknown}
 h - 5 scrolls of identify {unknown}
 i - 2 scrolls of noise {unknown}
 n - 4 scrolls of poison {unknown}
 s - 2 scrolls of butterflies {unknown}
 B - a scroll of immolation {unknown}
 D - a scroll of blinking {unknown}
 O - 2 scrolls of vulnerability {unknown}
Potions
 c - 4 potions of degeneration {unknown}
 j - a potion of lignification {unknown}
 k - a potion of magic {unknown}
 p - 3 potions of mutation {unknown}
 t - a potion of haste {unknown}
 w - 3 potions of curing {unknown}
 x - 3 potions of attraction {unknown}
 z - a potion of resistance {unknown}
 A - 4 potions of flight {unknown}
 C - 2 potions of brilliance {unknown}
 H - a potion of might {unknown}
 P - a potion of ambrosia {unknown}
 S - a potion of heal wounds {unknown}


   Skills:
 + Level 7.3 Fighting
 + Level 8.5 Axes
 + Level 8.0 Staves
 + Level 7.8 Armour
 + Level 4.2 Dodging
 + Level 1.3 Stealth
 + Level 2.9 Shields


You had 8 spell levels left.
You didn't know any spells.
Your spell library contained the following spells:

 Spells                   Type           Power      Damage    Failure   Level
 Apportation              Tloc           0%         N/A       98%         1
 Freeze                   Ice            0%         1d3       98%         1
 Necrotise                Necr           0%         1d4       98%         1
 Sting                    Tmut/Pois      0%         1d3       98%         1
 Summon Small Mammal      Summ           0%         N/A       98%         1
 Ensorcelled Hibernation  Hex/Ice        0%         N/A       99%         2
 Poisonous Vapours        Pois/Air       0%         N/A       99%         2
 Conjure Flame            Conj/Fire      0%         6-21      100%        3
 Frozen Ramparts          Ice            0%         1d1       100%        3
 Gell's Gravitas          Tloc           0%         N/A       100%        3
 Ignite Poison            Fire/Tmut/Pois 0%         N/A       100%        3
 Lesser Beckoning         Tloc           0%         N/A       100%        3
 Spider Form              Tmut/Pois      0%         N/A       100%        3
 Teleport Other           Tloc           0%         N/A       100%        3
 Anguish                  Hex/Necr       0%         N/A       100%        4
 Hailstorm                Conj/Ice       0%         3d3       100%        4
 Olgreb's Toxic Radiance  Pois           0%         N/A       100%        4
 Sticky Flame             Conj/Fire      0%         2d3       100%        4


Dungeon Overview and Level Annotations

Branches:
Dungeon (8/15)             Temple (1/1) D:6
   Lair: D:8-11

Altars:
Ashenzari
Cheibriados
Fedhas
Gozag
Hepliaklqana
Kikubaaqudgha
Makhleb
Nemelex Xobeh
Okawaru
Qazlal
Ru
Sif Muna
Trog
Uskayaw
Vehumet
Wu Jian
Xom
Yredelemnul
The Shining One

Shops:
D:2 (   D:3 (   D:8 =


Innate Abilities, Weirdness & Mutations

You have a pair of horns on your head.
You reflexively headbutt those who attack you in melee.


Message History

The orc wizard completely misses you.
You thump the orc wizard!
The orc wizard is heavily wounded.
The orc wizard gestures at you while chanting.
The puff of flame hits you but does no damage.
The orc warrior hits you with a +0 battleaxe of venom!
You are poisoned.
The orc warrior closely misses you. You furiously retaliate!
You headbutt the orc warrior!
The orc wizard hits you with a +0 dagger.
Okay, then.
A red film seems to cover your vision as you go berserk!
You feel yourself moving faster!
You feel mighty!
You feel very sick.
The orc wizard hits you but does no damage.
The orc warrior hits you with a +0 battleaxe of venom!
* * * LOW HITPOINT WARNING * * *
You are lethally poisoned!
You are too berserk!
You barely miss the orc wizard.
The orc wizard is heavily wounded.
* * * LOW HITPOINT WARNING * * *
You feel extremely sick. The orc wizard casts a spell at you.
The magic dart hits you!
* * * LOW HITPOINT WARNING * * *
An orc comes into view. It is wielding a +0 mace.
The orc warrior barely misses you. You furiously retaliate!
You headbutt the orc warrior. You barely miss the orc wizard.
The orc wizard is heavily wounded.
* * * LOW HITPOINT WARNING * * *
You feel extremely sick.
Okay, then.
You are too berserk!
You bludgeon the orc wizard!!
You kill the orc wizard!
Trog accepts your kill.
Trog appreciates your killing of a magic user.
You die...

### # o. .#
##.#####.#
#.o))....# ##
#@##...# 8###8###8
#....# ........
#..### .......
##..#
......#####.†.#
#.#####...))).#..#
#....<#..#######.#
#......# .#
####)..#.# ..


You could see an orc warrior and an orc.

Vanquished Creatures
  Grinder (D:3)
  The ghost of ymhsbmbesitwf the Ruffian, an amateur TrFi (D:5)
  A water moccasin (D:5)
  A sky beast (D:6)
  An ice beast (D:5)
  3 orc warriors
  3 black bears
  2 ogres
  A centaur (D:6)
  A necrophage (D:5)
  4 scorpions
  3 wights (D:7)
  7 killer bees
  3 howler monkeys (D:8)
  An orc priest (D:3)
  3 hounds
  A jelly (D:5)
  Terence (D:2)
  4 iguanas
  7 orc wizards
  3 gnolls (D:7)
  2 adders (D:5)
  A shadow imp (D:5)
  4 white imps
  A worm (D:3)
  2 dart slugs
  28 orcs
  7 bats
  5 endoplasms
  4 giant cockroaches
  6 hobgoblins
  2 quokkas
  7 ball pythons
  5 frilled lizards (D:1)
  5 goblins
  6 kobolds
  6 rats
143 creatures vanquished.

Vanquished Creatures (others)
  A withered plant (D:5)
1 creature vanquished.

Grand Total: 144 creatures vanquished

Notes
Turn   | Place    | Note
-------+----------+-------------------------------------------
     0 | D:1      | weilandje the Minotaur Berserker began the quest for the
                  | Orb.
     0 | D:1      | Reached XP level 1. HP: 19/19 MP: 0/0
   331 | D:1      | Reached XP level 2. HP: 25/27 MP: 1/1
   652 | D:1      | Reached ** piety under Trog
  1124 | D:1      | Reached XP level 3. HP: 33/33 MP: 2/2
  1275 | D:2      | Found a faded altar of an unknown god.
  1370 | D:2      | Noticed Terence
  1378 | D:2      | Killed Terence
  2226 | D:2      | Found Loawy's Antique Weapon Shoppe.
  2349 | D:3      | Noticed Grinder
  2352 | D:3      | Paralysed by Grinder for 2 turns
  2359 | D:3      | Reached XP level 4. HP: 41/41 MP: 3/3
  2371 | D:3      | Killed Grinder
  2372 | D:3      | Reached skill level 5 in Axes
  2372 | D:3      | Reached XP level 5. HP: 47/47 MP: 4/4
  2372 | D:3      | Reached XP level 6. HP: 55/55 MP: 5/5
  2458 | D:3      | Reached skill level 5 in Fighting
  2613 | D:3      | Reached skill level 1 in Shields
  2704 | D:3      | Found an ornate altar of the Wu Jian Council.
  2861 | D:3      | Found Kyur's Weapon Boutique.
  3095 | D:4      | Found a snail-covered altar of Cheibriados.
  3096 | D:4      | Found an opulent altar of Gozag.
  3130 | D:4      | Reached skill level 1 in Stealth
  3353 | D:4      | Found a sparkling altar of Nemelex Xobeh.
  3766 | D:4      | Identified the +12 quarterstaff of Baelonusi {spect, rC+}
  3989 | D:5      | Entered Level 5 of the Dungeon
  3989 | D:5      | Noticed an ice beast
  3996 | D:5      | Killed an ice beast
  4146 | D:5      | Reached XP level 7. HP: 57/61 MP: 6/6
  4227 | D:5      | Identified the +2 robe of Vehumet's Envy {Int+5}
  4274 | D:5      | Reached *** piety under Trog
  4320 | D:5      | Reached skill level 1 in Staves
  4432 | D:5      | Reached skill level 5 in Armour
  4694 | D:5      | Found a runed translucent door.
  4694 | D:5      | Noticed ymhsbmbesitwf's ghost (amateur TrFi)
  4706 | D:5      | Killed ymhsbmbesitwf's ghost
  4707 | D:5      | Reached XP level 8. HP: 70/70 MP: 7/7
  5175 | D:5      | Found a broken altar of Ashenzari.
  5587 | D:6      | Found a stormy altar of Qazlal.
  5814 | D:6      | Found a staircase to the Ecumenical Temple.
  5825 | D:6      | Reached skill level 5 in Staves
  5956 | Temple   | Entered the Ecumenical Temple
  5999 | D:6      | Found a blossoming altar of Fedhas.
  6197 | D:6      | Found a burning altar of Makhleb.
  6197 | D:6      | Noticed a green death
  6421 | D:7      | Reached XP level 9. HP: 73/78 MP: 8/8
  6514 | D:7      | Reached **** piety under Trog
  7307 | D:8      | Found Kutuycam's Jewellery Shoppe.
  7352 | D:8      | Identified the +7 great mace of Vaunucad {holy, Will+
                  | Stlth+}
  7429 | D:8      | HP: 2/118 [poisoned by an orc warrior]
  7430 | D:8      | Succumbed to an orc warrior's poison

Illustrated notes

Levels and vault maps discovered:
D:1:      lemuel_arrival_hallway, layout_basic
D:2:      layout_loops_ring, serial_shops, shop, basic_ecumenical_altar,
          uniq_terence
D:3:      layout_rooms, mainiacjoe_overflow_24_doors, serial_shops,
          nicolae_shop_hallway_plus, uniq_grinder
D:4:      layout_cave_pods, nemelex_diamond_rough_becter,
          grunt_temple_overflow_open
D:5:      layout_layer_cave, lemuel_coloured_pillars_altar,
          gammafunk_ghost_grave
D:6:      layout_basic, mainiacjoe_overflow_paths, makhleb_altar_promises_db,
          grunt_qazlal_clouds, minmay_temple_entry_slanted
D:7:      layout_basic
D:8:      layout_rooms, serial_shops, shop, serial_corexii_hall,
          chequers_hall_statues_y, chequers_hall_statues_corner_a,
          chequers_hall_statues_wall_a, corexii_hall_statues_l
Temple:   cyrus_circular_temple

Skill      XL: |  1  2  3  4  5  6  7  8  9 |
---------------+----------------------------+-----
Axes           | 4 5 6 7 8 |  8.5
Fighting       | 4 5 6 7 |  7.3
Dodging        | 3 4 |  4.2
Armour         | 3 4 5 6 7 |  7.8
Shields        | 1 2 |  2.9
Stealth        | 1 |  1.3
Staves         | 1 5 8 |  8.0

Action                   |  1- 3 |  4- 6 |  7- 9 || total
-------------------------+-------+-------+-------++-------
Melee: Hand axe          |    76 |    69 |       ||   145
       Headbutt          |    16 |     8 |    16 ||    40
       Quarterstaff      |       |     6 |    73 ||    79
       Battleaxe         |       |       |    16 ||    16
       Great mace        |       |       |     8 ||     8
Invok: Berserk           |       |     3 |     3 ||     6
Armor: Animal skin       |     9 |       |       ||     9
       Leather armour    |     9 |       |       ||     9
       Chain mail        |     3 |    33 |     3 ||    39
       Scale mail        |     3 |       |       ||     3
       Plate armour      |       |       |    53 ||    53
Dodge: Dodged            |    41 |    29 |    45 ||   115
Block: Buckler           |     6 |    13 |       ||    19
